 Dungeon Crawl Stone Soup version 0.20.1-1-g8b1a95d (webtiles) character file.

72 Jazqa the Skirmisher (level 4, -5/30 HPs)
             Began as a Gargoyle Fighter on Oct 31, 2017.
             Killed by nerve-wracking pain
             ... invoked by an orc priest
              (7 damage)
             ... on level 3 of the Dungeon.
             The game lasted 00:02:58 (1772 turns).

Jazqa the Skirmisher (Gargoyle Fighter)             Turns: 1772, Time: 00:02:59

Health: -5/30      AC: 10    Str: 19    XL:     4   Next: 26%
Magic:  4/4        EV:  7    Int:  9    God:
Gold:   135        SH:  9    Dex: 10    Spells: 3/3 levels left

rFire    . . .     SeeInvis .   a - +1 flail
rCold    . . .     Gourm    .   c - +0 shield
rNeg     + . .     Faith    .   b - +0 scale mail
rPois    ∞         Spirit   .   (no helmet)
rElec    +         Reflect  .   (no cloak)
rCorr    .         Harm     .   (no gloves)
MR       .....                  (no boots)
Stlth    ..........             k - amulet of inaccuracy (curse)
Regen    0.1/turn               (no ring)
MPRegen  0.1/turn               (no ring)

@: flying
A: negative energy resistance 1, electricity resistance, unbreathing,
petrification resistance, rot immunity, AC +3
a: no special abilities


You were on level 3 of the Dungeon.
You were near starving.

You visited 1 branch of the dungeon, and saw 3 of its levels.

You collected 135 gold pieces.


Innate Abilities, Weirdness & Mutations

You are resistant to torment.
Your stone body is resilient. (AC +3)
You are immune to poison.
You resist negative energy. (rN+)
You are resistant to electric shocks. (rElec)
You can survive without breathing.
You are immune to petrification.
You are immune to rotting.


   Skills:
 + Level 4.6 Fighting
 + Level 3.2 Maces & Flails
 - Level 3.2 Armour
 - Level 3.2 Shields


You had 3 spell levels left.
You didn't know any spells.

Inventory:

Hand Weapons
 a - a +1 flail (weapon)
Armour
 b - a +0 scale mail (worn)
 c - a +0 shield (worn)
Jewellery
 k - a cursed amulet of inaccuracy (around neck)
Scrolls
 l - 2 scrolls of teleportation {@r4}
Potions
 e - a potion of flight
 h - 2 potions of curing {unknown}
 j - a potion of mutation {unknown}
 n - a potion of cancellation {unknown}
 p - 2 potions of lignification {unknown}
Comestibles
 f - 2 bread rations {@e1}
 g - 3 royal jellies {@e3}
 m - 8 fruits {@e2}

Dungeon Overview and Level Annotations

Branches:
Dungeon (3/15)

Altars:

.########
........# #@# #o#
#)######
########......###
................#
....#########.#.#
. #.#.# #.#.#
#.#.#########


You could see an orc priest.


Message History

You block the orc's attack.
The orc priest invokes the aid of Beogh against you.
Beogh smites you!
* * * LOW HITPOINT WARNING * * *
The orc hits you but does no damage.
You hit the orc.
You kill the orc!
The orc hits you but does no damage.
You closely miss the orc. You block the orc's attack.
You barely miss the orc. The orc hits you but does no damage.
You closely miss the orc. The orc hits you but does no damage.
The orc barely misses you.
You completely miss the orc. You block the orc's attack.
You sock the orc!
You kill the orc!
The orc priest barely misses you.
You hit the orc priest.
The orc priest is lightly wounded.
The orc priest calls down the wrath of Beogh upon you.
Pain shoots through your body!
* * * LOW HITPOINT WARNING * * *
Your shield and scale mail prevent you from hitting the orc priest.
The orc priest is lightly wounded.
The orc priest miscasts a cantrip.
It was a potion of flight.
You feel very buoyant.
You fly up into the air.
The orc priest calls down the wrath of Beogh upon you.
Pain shoots through your body!
You die...

Skill      XL: |  1  2  3 |
---------------+----------+-----
Fighting       | 4 |  4.6
Maces & Flails | 3 |  3.2
Armour         | |  3.2
Shields        | |  3.2

Action                   |  1- 3 |  4- 6 || total
-------------------------+-------+-------++-------
Melee: Flail             |   236 |    84 ||   320
  Use: Scroll            |     2 |     1 ||     3
       Potion            |       |     2 ||     2
  Eat: Chunk             |     1 |     1 ||     2
Armor: Scale mail        |   132 |   123 ||   255
Dodge: Dodged            |    74 |    46 ||   120
Block: Shield            |   133 |   106 ||   239

Vault maps used:
D:1:      doesnt_arrival_eight_statues
D:2:      minmay_divided_ellipse
D:3:      first_bread, gup_sewer_entry_spiral

Notes
Turn   | Place    | Note
-------+----------+-------------------------------------------
     0 | D:1      | Jazqa the Gargoyle Fighter began the quest for the Orb.
     0 | D:1      | Reached XP level 1. HP: 14/14 MP: 1/1
   309 | D:1      | Reached XP level 2. HP: 11/19 MP: 2/2
   834 | D:2      | Reached skill level 4 in Fighting
   834 | D:2      | Reached XP level 3. HP: 13/24 MP: 3/3
   948 | D:2      | Reached skill level 3 in Maces & Flails
  1121 | D:2      | Reached XP level 4. HP: 15/30 MP: 4/4
  1390 | D:2      | Noticed a sky beast
  1445 | D:2      | HP: 3/30 [something (1)]
  1770 | D:3      | HP: 2/30 [orc priest/nerve-wracking pain (5)]
  1772 | D:3      | Killed from afar by an orc priest

Vanquished Creatures
  2 adders (D:2)
  An ooze (D:2)
  A worm (D:2)
  3 orcs (D:3)
  4 bats (D:2)
  2 giant cockroaches (D:1)
  4 goblins
  7 hobgoblins
  A quokka (D:2)
  A ball python (D:1)
  5 frilled lizards
  5 kobolds
  7 rats
43 creatures vanquished.
